 Dungeon Crawl Stone Soup version 0.22-a0-580-gd5db89c09a (webtiles) character file.

160 D1HalberdGnoll the Fighter (level 5, -1/56 HPs)
             Began as a Demonspawn Skald on July 3, 2018.
             Slain by a gnoll
             ... wielding a +1 flail of protection
              (8 damage)
             ... on level 3 of the Dungeon.
             The game lasted 00:02:51 (2282 turns).

D1HalberdGnoll the Fighter (Demonspawn Skald)       Turns: 2282, Time: 00:02:52

Health: -1/56      AC:  6    Str: 13    XL:     5   Next: 17%
Magic:  0/8        EV: 12    Int: 14    God:
Gold:   162        SH:  0    Dex: 12    Spells: 7/8 levels left

rFire    . . .     SeeInvis .   a - +0 spear
rCold    . . .     Gourm    .   (no shield)
rNeg     . . .     Faith    .   b - +0 leather armour
rPois    .         Spirit   +   (no helmet)
rElec    .         Reflect  .   (no cloak)
rCorr    .         Harm     .   m - +0 pair of gloves
MR       .....                  (no boots)
Stlth    +.........             (no amulet)
HPRegen  0.18/turn              (no ring)
MPRegen  0.11/turn              (no ring)

@: hasted, very quick
A: claws 2, molten scales 1, magic shield
a: no special abilities


You were on level 3 of the Dungeon.
You were hungry.

You visited 1 branch of the dungeon, and saw 3 of its levels.

You collected 162 gold pieces.

Inventory:

Hand Weapons
 a - a +0 spear (weapon)
Armour
 b - a +0 leather armour (worn)
 m - a +0 pair of gloves (worn)
Scrolls
 f - 2 scrolls of remove curse {unknown}
 g - 3 scrolls of identify {unknown}
 h - 2 scrolls of teleportation {unknown}
 j - a scroll of enchant weapon {unknown}
 k - a scroll of immolation {unknown}
Potions
 i - a potion of haste
 l - a potion of heal wounds {unknown}
 n - a potion of mutation {unknown}
 o - a potion of lignification {unknown}
Comestibles
 d - 9 rations


   Skills:
 + Level 11.5 Fighting
 * Level 2.9 Polearms
 + Level 1.7 Armour
 + Level 2.3 Dodging
 - Level 2.0 Spellcasting
 - Level 2.6 Charms


You had 7 spell levels left.
You knew the following spells:

 Your Spells              Type           Power        Failure   Level  Hunger
a - Infusion              Chrm           #...         10%         1    ##.....

Your spell library contained the following spells:

 Spells                   Type           Power        Failure   Level  Hunger
 Regeneration             Chrm/Necr      #.........   45%         3    ####...
 Shroud of Golubria       Chrm/Tloc      #.........   26%         2    ###....
 Song of Slaying          Chrm           #.......     16%         2    ###....
 Spectral Weapon          Hex/Chrm       #.......     45%         3    ####...


Dungeon Overview and Level Annotations

Branches:
Dungeon (3/15)

Altars:
Trog


Innate Abilities, Weirdness & Mutations

You have very sharp fingernails.
You are partially covered in molten scales. (AC +2)
When hurt, damage is shared between your health and your magic reserves.


Message History

The gnoll hits you but does no damage.
Sorry, you're not good enough to have a special ability.
Unknown command.
Okay, then.
You feel better.
The gnoll hits you with a flail of protection!
* * * LOW HITPOINT WARNING * * *
You hit the gnoll.
The gnoll is moderately wounded.
You are no longer magically infusing your attacks.
The gnoll barely misses you.
You hit the gnoll.
The gnoll is moderately wounded.
You hit the gnoll but do no damage.
The gnoll is moderately wounded.
The gnoll hits you with a flail of protection.
* * * LOW HITPOINT WARNING * * *
It was a potion of haste.
You feel yourself speed up.
The gnoll hits you with a flail of protection!
You die...

#.########
#...g.....
#.########
#.# #.# #g#
#g# #g# #@#
#.# #.# #.#
#.# #.# #.#
#.#
#.###########


You could see 3 gnolls.

Vanquished Creatures
  A gnoll (D:3)
  An adder (D:3)
  An ooze (D:2)
  An adder zombie (D:1)
  2 dart slugs
  A leopard gecko (D:1)
  8 bats
  A bat zombie (D:1)
  2 giant cockroaches (D:3)
  9 goblins
  5 hobgoblins
  5 jackals
  A quokka (D:3)
  4 frilled lizards
  2 kobolds (D:3)
  3 rats
47 creatures vanquished.

Notes
Turn   | Place    | Note
-------+----------+-------------------------------------------
     0 | D:1      | D1HalberdGnoll the Demonspawn Skald began the quest for the Orb.
     0 | D:1      | Reached XP level 1. HP: 16/16 MP: 3/3
    30 | D:1      | Reached skill level 1 in Armour
   297 | D:1      | Gained mutation: You have sharp fingernails. [demonic ancestry]
   297 | D:1      | Reached XP level 2. HP: 21/22 MP: 5/5
   918 | D:2      | Gained mutation: When hurt, damage is shared between your health and your magic reserves. [demonic ancestry]
   918 | D:2      | Reached XP level 3. HP: 23/28 MP: 6/6
  2099 | D:3      | Found a bloodstained altar of Trog.
  2191 | D:3      | Gained mutation: You have very sharp fingernails. [demonic ancestry]
  2191 | D:3      | Reached XP level 4. HP: 34/34 MP: 7/7
  2277 | D:3      | Reached skill level 11 in Fighting
  2277 | D:3      | Gained mutation: You are partially covered in molten scales. (AC +2) [demonic ancestry]
  2277 | D:3      | Reached XP level 5. HP: 9/56 MP: 0/8
  2282 | D:3      | Slain by a gnoll

Vault maps used:
D:1:      saegor_arrival_fortress
D:3:      bloody_trog

Skill      XL: |  1  2  3  4 |
---------------+-------------+-----
Armour         | 1 |  1.7
Polearms       | 2 |  2.9
Dodging        | 2 |  2.3
Fighting       | 11 | 11.5
Spellcasting   | |  2.0
Charms         | |  2.6

Action                   |  1- 3 |  4- 6 || total
-------------------------+-------+-------++-------
Melee: Spear             |   222 |    23 ||   245
 Cast: Infusion          |     2 |     1 ||     3
  Use: Potion            |     1 |     3 ||     4
  Eat: Chunk             |     4 |       ||     4
Armor: Leather armour    |    53 |     2 ||    55
Dodge: Dodged            |   136 |    13 ||   149

Table legend:
 A = Spawn XP
 B = Non-spawn XP
 C = Spawn XP percentage of total XP
 D = Spawn monster count
 E = Non-spawn monster count
 F = Spawn count percentage of total count
 G = Total turns spent on level
                    A         B        C        D         E        F      G
               +---------+---------+-------+---------+---------+-------+---------
         Total |       0 |     115 |   0.0 |       0 |      47 |   0.0 |  2282
               +---------+---------+-------+---------+---------+-------+---------
           D:1 |       0 |      36 |   0.0 |       0 |      16 |   0.0 |   901
           D:2 |       0 |      18 |   0.0 |       0 |       7 |   0.0 |   614
           D:3 |       0 |      61 |   0.0 |       0 |      24 |   0.0 |   767
               +---------+---------+-------+---------+---------+-------+---------
